 Dungeon Crawl Stone Soup version 0.22.0 (webtiles) character file.

16 Hajar21 the Grave Robber (level 2, 22/22 HPs)
             Began as a Deep Dwarf Necromancer on Jan 1, 2019.
             Quit the game on level 1 of the Dungeon.
             The game lasted 00:34:05 (761 turns).

Hajar21 the Grave Robber (Deep Dwarf Necromancer)    Turns: 761, Time: 00:34:05

Health: 22/22      AC:  3    Str: 11    XL:     2   Next: 37%
Magic:  2/5        EV: 13    Int: 15    God:
Gold:   43         SH:  0    Dex: 13    Spells: 3/5 levels left

rFire    . . .     SeeInvis .   h - +0 whip (venom)
rCold    . . .     Gourm    .   (no shield)
rNeg     . . .     Faith    .   a - +0 robe
rPois    .         Spirit   .   (no helmet)
rElec    .         Reflect  .   (no cloak)
rCorr    .         Harm     .   (no gloves)
MR       .....                  f - +0 pair of boots
Stlth    ++........             (no amulet)
HPRegen  0.00/turn              (no ring)
MPRegen  0.09/turn              (no ring)

@: non-regenerating
A: damage resistance, heal wounds, sense surroundings 1, no regeneration
a: Heal Wounds


You were on level 1 of the Dungeon.
You were not hungry.

You visited 1 branch of the dungeon, and saw 1 of its levels.

You collected 43 gold pieces.

Inventory:

Hand Weapons
 e - a +0 dagger
 g - a +0 hunting sling
 h - a +0 whip of venom (weapon)
Armour
 a - a +0 robe (worn)
 b - a +0 scale mail
 f - a +0 pair of boots (worn)
Jewellery
 d - an uncursed amulet of magic regeneration {unknown}
Comestibles
 c - a ration


   Skills:
 - Level 0.1 Short Blades
 - Level 2.4 Dodging
 + Level 2.4 Stealth
 * Level 2.0 Spellcasting
 * Level 4.7 Necromancy


You had 3 spell levels left.
You knew the following spells:

 Your Spells              Type           Power        Failure   Level  Hunger
a - Pain                  Necr           ###.         3%          1    #......
b - Animate Skeleton      Necr           N/A          3%          1    #......

Your spell library contained the following spells:

 Spells                   Type           Power        Failure   Level  Hunger
 Animate Dead             Necr           N/A          30%         4    #####..
 Vampiric Draining        Necr           ###.......   10%         3    ###....
 Regeneration             Chrm/Necr      #.........   26%         3    ###....


Dungeon Overview and Level Annotations

Branches:
Dungeon (1/15)

Altars:


Innate Abilities, Weirdness & Mutations

You are resistant to damage.
You can heal yourself by infusing magical energy.
You passively map a small area around you.
You do not regenerate.


Message History

The kobold writhes in agony!
You kill the kobold!
Casting: Pain (safe; 3% risk of failure)
Confirm with . or Enter, or press ? or * to list all spells.
There is nothing here that can be animated!
A dart slug comes into view.
You see here a frilled lizard corpse.
Things that are here:
22 bolts; a giant cockroach corpse
Found 4 gold pieces.
You see here a whip of venom.
Found a ration.
A goblin comes into view.
You see here a whip of venom.
h - a whip of venom Setting a skill training target for Maces & Flails at 12.0.
Unknown command.
Your +0 whip of venom begins to drip with poison!
h - a +0 whip of venom (weapon)
Are you sure you want to abandon this character and quit the game? (Confirm with "yes".)

.. ###).#.....# , ,
...#....####......##..., ,
, ..............#####.... ,
#.#........(.####... .. ,
#..................., . , .
, .........#.........,.. ,,
,... #.#.###........... ,
,.....#...#####....########
,
.%.......@..w(†...#####8<8
,
,...$g........#....##[.....
....#..###........#8......
, .......
..........#....... .
#.......###.....#8......
*####.... ..$...##......
#....#.##..#.........
#....#.##............ .
....(.........†...


You could see a dart slug and a goblin (wandering).

Vanquished Creatures
  2 leopard geckos (D:1)
  A giant cockroach (D:1)
  A goblin (D:1)
  2 hobgoblins (D:1)
  2 kobolds (D:1)
  A ball python (D:1)
  A bat (D:1)
  3 frilled lizards (D:1)
13 creatures vanquished.

Notes
Turn   | Place    | Note
-------+----------+-------------------------------------------
     0 | D:1      | Hajar21 the Deep Dwarf Necromancer began the quest for the Orb.
     0 | D:1      | Reached XP level 1. HP: 15/15 MP: 3/3
   156 | D:1      | Reached XP level 2. HP: 2/22 MP: 1/5
   159 | D:1      | Learned a level 1 spell: Animate Skeleton
   737 | D:1      | HP: 1/22 [giant cockroach (1)]
   761 | D:1      | Quit the game

Skill      XL: |  1 |
---------------+----+-----
Spellcasting   | 2 |  2.0
Short Blades   | |  0.1
Dodging        | |  2.4
Stealth        | |  2.4
Necromancy     | |  4.7

Action                   || total
-------------------------++-------
Melee: Dagger            ||    19
       Unarmed           ||     1
 Cast: Pain              ||    17
 Abil: Heal Wounds       ||     1
  Use: Potion            ||     2
       Scroll            ||     1
Armor: Robe              ||    20
Dodge: Dodged            ||    76
